 Dungeon Sprint DCSS version 0.30.1-4-g462c640d31 (webtiles) character file.

Game seed: 5305398457073801000

26724 Heoruswealwe the Wrestler (level 13, -15/149 HPs)
             Began as a Troll Berserker on Aug 17, 2023.
             Was the Champion of Trog.
             Demolished by a phantasmal warrior (17 damage)
             ... summoned by a mummy priest
             ... in the Dungeon (Sprint I: "Red Sonja").
             The game lasted 01:00:53 (2797 turns).

Heoruswealwe the Wrestler (Troll Berserker)         Turns: 2797, Time: 01:00:54

Health: -15/149    AC: 20    Str: 39    XL:     13   Next: 0%
Magic:  12/12      EV: 13    Int:  2    God:    Trog [******]
Gold:   1569       SH:  0    Dex:  9    Spells: 12/12 levels left

rFire   + +          .
                       - Unarmed
rCold   . . .        (no shield)
rNeg    + + +        s - +3 swamp dragon scales
rPois   +            (helmet restricted)
rElec   .            C - +4 dragonskin cloak
rCorr   +            (gloves unavailable)
SInv    .            (boots unavailable)
Will    .....        (no amulet) Stlth
                     e - ring "Ygontism" {rF+ rN+++ rCorr Str+2 Dex-4}
HPRegen 1.24/turn    u - +6 ring of strength
MPRegen 0.13/turn

%: no teleportation
@: weak-willed, mesmerised
A: large, unfitting armour, claws 3, regeneration 1, shaggy fur 2, tough skin 1,
iridescent scales 1, agile 1, fire resistance 1
a: Renounce Religion, Berserk, Trog's Hand, Brothers in Arms


You were in the Dungeon.
You worshipped Trog.
Trog was exalted by your worship.
You visited 1 branch You collected 5090 gold pieces.
You spent 3521 gold pieces at shops.

Inventory:

Hand Weapons
 h - a +1 demon trident of freezing
Armour
 o - the +0 robe of the Tormentor {rF+}
   (You bought it in a shop in the Dungeon)

   rF:        It protects you from fire.
 s - +3 swamp dragon scales (worn)
 x - a +2 tower shield of protection
 C - the +4 dragonskin cloak (worn)
   (You took it off Tiamat in the Dungeon)

   Avatar's Aegis: It grants the wearer a chance to resist fire, cold, poison,
   electricity, acid, and negative energy.
Jewellery
 e - the ring "Ygontism" (left claw) {rF+ rN+++ rCorr Str+2 Dex-4}
   (You found it in the Dungeon)

   [ring of protection from fire]

   Str:       It affects your strength (+2).
   Dex:       It affects your dexterity (-4).
   rF:        It protects you from fire.
   rN:        It renders you almost immune to negative energy.
   rCorr:     It protects you from acid and corrosion.
 l - the ring of the Tortoise {AC+8}
   (You found it in the Dungeon)

   [ring of protection]

   AC:        It affects your AC (+8).
 u - a +6 ring of strength (right claw)
 y - a +6 ring of intelligence
 B - a ring of protection from cold
Scrolls
 g - a scroll of blinking
 k - a scroll of immolation
 m - a scroll of butterflies
 p - a scroll of fog
 t - a scroll of fear
Potions
 a - a potion of resistance
 b - 5 potions of curing
 c - 4 potions of heal wounds
 f - 2 potions of invisibility
 i - a potion of mutation
 j - 2 potions of cancellation
 n - 2 potions of haste
 r - 2 potions of lignification
 v - a potion of ambrosia
 w - a potion of flight {unknown}
 z - a potion of might {unknown}


   Skills:
 + Level 15.1 Fighting
 + Level 15.1 Dodging
 * Level 23.9 Unarmed Combat


You had 12 spell levels left.
You didn't know any spells.
Your spell library was empty.

Dungeon Overview and Level Annotations

Branches:
Dungeon (1/1)

Altars:
Cheibriados
Dithmenos
Elyvilon
Fedhas
Gozag
Hepliaklqana
Kikubaaqudgha
Makhleb
Nemelex Xobeh
Okawaru
Qazlal
Ru
Sif Muna
Trog
Uskayaw
Vehumet
Wu Jian
Xom
Yredelemnul
Zin
The Shining One
Jiyva
Lugonu

Shops:
D (:((*::***:*[*:[!?[[=[

Annotations:
D exclusion: oklob plant


Innate Abilities, Weirdness & Mutations

You are too large for most types of armour.
You have claws for hands.
Your natural rate of healing is unusually fast.
You are covered in thick fur. (AC +2)
You have tough skin. (AC +1)
You are partially covered in iridescent scales. (AC +2)
You are agile. (Dex +4, Str/Int -1)
Your flesh is heat resistant. (rF+)


Message History

The merfolk siren chants its luring song.
The phantasmal warrior gestures at you.
The phantasmal warrior blinks!
The flying skull hits you.
The merfolk siren chants its luring song.
The phantasmal warrior hits you!!
Your willpower is stripped away!
The deep elf annihilator is engulfed in poison gas.
The deep elf annihilator looks even sicker.
The hellwing hits you but does no damage.
The hellwing closely misses you.
You feel much better. The flying skull misses you.
The merfolk siren chants its luring song.
The phantasmal warrior hits you!!
The mummy priest calls on the powers of darkness!
The merfolk siren convulses!
Your body is wracked with pain!
* * * LOW HITPOINT WARNING * * *
The merfolk siren chants its luring song.
The phantasmal warrior hits you!
* * * LOW HITPOINT WARNING * * *
The hellwing hits you but does no damage. x2
The deep elf annihilator is engulfed in poison gas.
The deep elf annihilator looks even sicker.
You mangle the hellwing!!
The hellwing is heavily wounded.
The flying skull completely misses you.
The merfolk siren chants its luring song.
The phantasmal warrior hits you!!
* * * LOW HITPOINT WARNING * * *
The mummy priest prays to its god.
You feel much better. The flying skull misses you.
The merfolk siren chants its luring song.
The phantasmal warrior hits you!!
* * * LOW HITPOINT WARNING * * *
The deep elf annihilator mumbles some strange words.
The deep elf annihilator blinks!
The hellwing hits you!
* * * LOW HITPOINT WARNING * * *
The hellwing hits you.
* * * LOW HITPOINT WARNING * * *
The merfolk siren chants its luring song.
The phantasmal warrior hits you!
You die...

#####################**********
.)'..§§§.+..#..+§§§.#,,,,,,,,,*
###§§§§§##..'..#.§..##,,,,,,,,*
.###§§§#######+#§§§.§#####,,,,*
'#.###+#|..##§§#.§§§.#...#,,,,*
...#.#.##...#§§##...§#.∩.#,,,,*
...).#..##..#☼m○###+##...#,,,,*
.....##.#...#°e4W☼#.####+#,,,,*
.....#..##).#§VW@##+#§...##,,,*
##++##.##.).#§zz##§.§.§§.§##,,*
#..###..#'###nWm#......§..§#,,*
##..###...#P§☼°##§§..§§§...##,*
○#..#.###.#M§4§#.§...§§.....#,*
°.......#.###4☼#§....§......#,*
.....○..#.#,+§,##....§.....##,*
.....####'#,##+*#..........#,,*
...###)...#,*~~~##........##,,*


You could see a deep elf annihilator (very poisoned), a mummy priest, a jiangshi
(summoned), a flayed ghost (summoned), an oklob plant, 2 phantasmal warriors, a
hellwing, a rust devil (summoned), 2 merfolk sirens, a red devil (summoned), a
necrophage (summoned) and 2 flying skulls.

Vanquished Creatures
  Tiamat (D)
  A golden dragon (D)
  A shadow dragon (D)
  A daeva (D)
  4 fire giants (D)
  A lorocyproca (D)
  A hydra (D)
  2 centaur warriors (D)
  Sonja (D)
  A deep troll (D)
  A lindwurm (D)
  An oklob plant (D)
  8 shining eyes (D)
  4 demonic crawlers (D)
  A gargoyle (D)
  7 unseen horrors (D)
  2 kobold demonologists (D)
  A meliai (D)
  5 hornets (D)
  A slime creature (D)
  Sigmund (D)
  A yak (D)
  13 hogs (D)
  2 redbacks (D)
  7 floating eyes (D)
  An ogre (D)
  7 necrophages (D)
  8 jellies (D)
  Ijyb (D)
  A ballistomycete spore (D)
87 creatures vanquished.

Vanquished Creatures (others)
  A ballistomycete spore (D)
1 creature vanquished.

Grand Total: 88 creatures vanquished

Notes
Turn   | Place    | Note
-------+----------+-------------------------------------------
     0 | D        | Heoruswealwe the Troll Berserker began the quest for the
                  | Orb.
     0 | D        | Reached XP level 1. HP: 22/22 MP: 0/0
     1 | D        | Noticed Ijyb
    14 | D        | Killed Ijyb
    15 | D        | Reached skill level 5 in Unarmed Combat
    15 | D        | Reached XP level 2. HP: 30/31 MP: 1/1
    40 | D        | Noticed an ogre
    46 | D        | Killed an ogre
    47 | D        | Reached skill level 7 in Unarmed Combat
    47 | D        | Reached XP level 3. HP: 40/40 MP: 2/2
    47 | D        | Reached XP level 4. HP: 49/49 MP: 3/3
    94 | D        | Noticed Sigmund
   101 | D        | Killed Sigmund
   101 | D        | Reached ** piety under Trog
   102 | D        | Reached skill level 5 in Fighting
   102 | D        | Reached skill level 5 in Dodging
   102 | D        | Reached skill level 9 in Unarmed Combat
   102 | D        | Reached XP level 5. HP: 59/59 MP: 4/4
   102 | D        | Reached XP level 6. HP: 67/67 MP: 5/5
   114 | D        | Found a burning altar of Makhleb.
   114 | D        | Found a viscous altar of Jiyva.
   114 | D        | Found a shimmering altar of Xom.
   114 | D        | Found a corrupted altar of Lugonu.
   114 | D        | Noticed a slime creature
   119 | D        | Killed a slime creature
   120 | D        | Reached skill level 10 in Unarmed Combat
   139 | D        | Found an ornate altar of the Wu Jian Council.
   139 | D        | Found a shimmering blue altar of Sif Muna.
   141 | D        | Found a radiant altar of Vehumet.
   169 | D        | Found Keeh's Weapon Emporium.
   169 | D        | Found an ancient bone altar of Kikubaaqudgha.
   169 | D        | Found a hazy altar of Hepliaklqana.
   169 | D        | Found a stormy altar of Qazlal.
   169 | D        | Found a hide-covered altar of Uskayaw.
   169 | D        | Found a blossoming altar of Fedhas.
   169 | D        | Found a bloodstained altar of Trog.
   169 | D        | Found an iron altar of Okawaru.
   169 | D        | Found a basalt altar of Yredelemnul.
   169 | D        | Found a glowing golden altar of the Shining One.
   169 | D        | Found a snail-covered altar of Cheibriados.
   169 | D        | Found a sacrificial altar of Ru.
   169 | D        | Found a glowing silver altar of Zin.
   169 | D        | Found a shadowy altar of Dithmenos.
   169 | D        | Found a white marble altar of Elyvilon.
   169 | D        | Noticed a yak
   173 | D        | Killed a yak
   173 | D        | Reached *** piety under Trog
   174 | D        | Reached skill level 11 in Unarmed Combat
   174 | D        | Reached XP level 7. HP: 61/78 MP: 6/6
   174 | D        | Found an opulent altar of Gozag.
   175 | D        | Found a sparkling altar of Nemelex Xobeh.
   195 | D        | Noticed a kobold demonologist
   196 | D        | Noticed a kobold demonologist
   201 | D        | Noticed a sun demon
   203 | D        | Killed a kobold demonologist
   204 | D        | Reached skill level 12 in Unarmed Combat
   208 | D        | Killed a kobold demonologist
   208 | D        | Reached **** piety under Trog
   209 | D        | Reached skill level 13 in Unarmed Combat
   209 | D        | Reached XP level 8. HP: 76/88 MP: 7/7
   231 | D        | Noticed a centaur warrior
   231 | D        | Noticed a centaur warrior
   261 | D        | Killed a centaur warrior
   262 | D        | Reached skill level 14 in Unarmed Combat
   268 | D        | Killed a centaur warrior
   269 | D        | Reached skill level 15 in Unarmed Combat
   269 | D        | Reached XP level 9. HP: 54/100 MP: 8/8
   293 | D        | Noticed a deep troll
   299 | D        | Killed a deep troll
   333 | D        | Found Doretez's Armour Emporium.
   381 | D        | Noticed an oklob plant
   387 | D        | Killed an oklob plant
   388 | D        | Reached skill level 10 in Fighting
   388 | D        | Reached skill level 10 in Dodging
   388 | D        | Reached skill level 16 in Unarmed Combat
   420 | D        | Reached ***** piety under Trog
   446 | D        | Reached XP level 10. HP: 111/111 MP: 9/9
   450 | D        | Received a gift from Trog
   479 | D        | Reached skill level 17 in Unarmed Combat
   484 | D        | Found the ring of the Tortoise {AC+8}
   493 | D        | Reached ****** piety under Trog
   497 | D        | Received a gift from Trog
   594 | D        | Noticed Sonja
   603 | D        | Killed Sonja
   662 | D        | Found Babb's Antique Weapon Boutique.
   675 | D        | Noticed a shining eye
   675 | D        | Noticed a shining eye
   675 | D        | Noticed a shining eye
   675 | D        | Noticed a shining eye
   675 | D        | Noticed a shining eye
   675 | D        | Noticed a shining eye
   675 | D        | Gained mutation: You are dopey. (Int -2) [a shining eye]
   676 | D        | Paralysed by a floating eye for 3 turns
   676 | D        | Gained mutation: Your magical capacity is low. (-10% MP) [a
                  | shining eye]
   680 | D        | Paralysed by a floating eye for 4 turns
   685 | D        | Gained mutation: You have a pair of small horns on your
                  | head. [a shining eye]
   691 | D        | Killed a shining eye
   691 | D        | Received a gift from Trog
   691 | D        | Gained mutation: You are frail. (-10% HP) [a shining eye]
   692 | D        | Reached skill level 18 in Unarmed Combat
   694 | D        | Killed a shining eye
   695 | D        | Gained mutation: You occasionally lose the ability to read
                  | scrolls when taking damage. [a shining eye]
   697 | D        | Killed a shining eye
   702 | D        | Killed a shining eye
   704 | D        | Killed a shining eye
   705 | D        | Gained mutation: You sometimes lose your temper in combat.
                  | [a shining eye]
   706 | D        | Killed a shining eye
   707 | D        | Reached skill level 19 in Unarmed Combat
   707 | D        | Reached XP level 11. HP: 110/110 MP: 8/8
   712 | D        | Noticed a shining eye
   712 | D        | Noticed a shining eye
   712 | D        | Gained mutation: You have an uncontrollable temper. [a
                  | shining eye]
   713 | D        | Paralysed by a floating eye for 3 turns
   720 | D        | Killed a shining eye
   720 | D        | Received a gift from Trog
   723 | D        | Gained mutation: Armour fits poorly on your strangely
                  | shaped body. [a shining eye]
   724 | D        | Killed a shining eye
   740 | D        | Found Pialaymo's General Store.
   740 | D        | Found Seplear's Book Shoppe.
   740 | D        | Found Coqigg's Book Boutique.
   740 | D        | Found Biotwas's Weapon Emporium.
   814 | D        | Found Usaydd's Magic Scroll Boutique.
   814 | D        | Found Piufumm's Jewellery Emporium.
   814 | D        | Found Hynuu's Armour Emporium.
   816 | D        | Found Vavur's Distillery.
   816 | D        | Found Isaaxuj's Antique Armour Shoppe.
   816 | D        | Found Buocs's Book Shop.
   816 | D        | Found Wuhacs's Assorted Antiques.
   816 | D        | Found Amufidd Guukh's Antique Armour Boutique.
   816 | D        | Found Ottuc's Assorted Antiques.
   816 | D        | Found Pitoseob's Book Shop.
   820 | D        | Bought a scroll of identify for 24 gold pieces
   820 | D        | Bought a scroll of identify for 24 gold pieces
   820 | D        | Bought a scroll of identify for 24 gold pieces
   820 | D        | Bought a scroll of blinking for 90 gold pieces
   820 | D        | Bought a scroll of enchant armour for 90 gold pieces
   821 | D        | Found Sirumoda's Assorted Antiques.
   822 | D        | Bought a potion of haste for 100 gold pieces
   822 | D        | Bought a potion of curing for 30 gold pieces
   822 | D        | Bought a potion of invisibility for 80 gold pieces
   822 | D        | Bought a potion of curing for 30 gold pieces
   822 | D        | Found Uzxylur's General Store.
   822 | D        | Found Nirphaji's General Store.
   823 | D        | Bought a sheer robe for 142 gold pieces
   823 | D        | Identified the +0 robe of the Tormentor {rF+} (You bought
                  | it in a shop in the Dungeon)
   831 | D        | Found Alym's Book Shop.
   833 | D        | Bought a scroll labelled NUXEJORRUZ for 23 gold pieces
   833 | D        | Bought a green potion for 20 gold pieces
   833 | D        | Bought a clear potion for 20 gold pieces
   834 | D        | Bought an embroidered robe for 99 gold pieces
   835 | D        | Bought a scroll of identify for 58 gold pieces
   835 | D        | Bought a scroll labelled FAT KAORIRAOQO for 29 gold pieces
   835 | D        | Bought a blackened marble ring for 145 gold pieces
   835 | D        | Bought a bubbling red potion for 26 gold pieces
   835 | D        | Bought a scroll of identify for 58 gold pieces
   835 | D        | Bought a scroll labelled KUCOUR AFOE for 29 gold pieces
   837 | D        | Bought a glowing sapphire potion for 18 gold pieces
   837 | D        | Bought a scroll labelled KUCOUR AFOE for 21 gold pieces
   837 | D        | Bought a clear potion for 18 gold pieces
   837 | D        | Bought 2 glowing sapphire potions for 37 gold pieces
   837 | D        | Bought an amethyst potion for 18 gold pieces
   837 | D        | Bought a potion of heal wounds for 105 gold pieces
   837 | D        | Bought a marble ring for 105 gold pieces
   838 | D        | Bought a scroll of identify for 28 gold pieces
   838 | D        | Bought a scroll of magic mapping for 105 gold pieces
   838 | D        | Bought a potion of mutation for 112 gold pieces
   839 | D        | Bought a potion of haste for 130 gold pieces
   878 | D        | Lost mutation: You are frail. (-10% HP) [potion of
                  | mutation]
   878 | D        | Lost mutation: Armour fits poorly on your strangely shaped
                  | body. [potion of mutation]
   878 | D        | Lost mutation: You have an uncontrollable temper. [potion
                  | of mutation]
   878 | D        | Gained mutation: You occasionally shout uncontrollably at
                  | your foes. [potion of mutation]
   878 | D        | Lost mutation: You occasionally shout uncontrollably at
                  | your foes. [potion of mutation]
   878 | D        | Gained mutation: Your system is resistant to poisons.
                  | (rPois) [potion of mutation]
   879 | D        | Lost mutation: Your magical capacity is low. (-10% MP)
                  | [potion of mutation]
   879 | D        | Lost mutation: You are dopey. (Int -2) [potion of mutation]
   879 | D        | Lost mutation: You sometimes lose your temper in combat.
                  | [potion of mutation]
   879 | D        | Gained mutation: You have a pair of horns on your head.
                  | [potion of mutation]
   991 | D        | Noticed a lindwurm
   995 | D        | Killed a lindwurm
   996 | D        | Reached skill level 20 in Unarmed Combat
  1035 | D        | Received a gift from Trog
  1052 | D        | Received a gift from Trog
  1062 | D        | Noticed a 12-headed hydra
  1063 | D        | Paralysed by a floating eye for 3 turns
  1068 | D        | Killed a 14-headed hydra
  1165 | D        | Noticed a shadow dragon
  1165 | D        | Noticed a golden dragon
  1178 | D        | Killed a golden dragon
  1179 | D        | Reached skill level 21 in Unarmed Combat
  1185 | D        | Killed a shadow dragon
  1186 | D        | Reached XP level 12. HP: 136/136 MP: 11/11
  1206 | D        | Identified the ring "Ygontism" {rF+ rN+++ rCorr Str+2
                  | Dex-4}
  1282 | D        | Found Zittuxt's Armour Shoppe.
  1475 | D        | Killed a lorocyproca
  1475 | D        | Received a gift from Trog
  1863 | D        | Bought a +0 cloak for 49 gold pieces
  1863 | D        | Bought +2 swamp dragon scales for 682 gold pieces
  1939 | D        | Bought a +6 ring of strength for 468 gold pieces
  1993 | D        | Bought a potion of cancellation for 104 gold pieces
  2003 | D        | Bought a shiny orb for 300 gold pieces
  2004 | D        | Bought a potion of attraction for 30 gold pieces
  2004 | D        | Bought a potion of degeneration for 10 gold pieces
  2130 | D        | Bought a scroll of butterflies for 40 gold pieces
  2133 | D        | Lost mutation: You occasionally lose the ability to read
                  | scrolls when taking damage. [potion of mutation]
  2133 | D        | Lost mutation: Your system is resistant to poisons. (rPois)
                  | [potion of mutation]
  2133 | D        | Gained mutation: You passively map a small area around you.
                  | [potion of mutation]
  2133 | D        | Gained mutation: You have very sharp teeth. [potion of
                  | mutation]
  2133 | D        | Gained mutation: You expend magic power (3 MP) to
                  | strengthen your wands. [potion of mutation]
  2134 | D        | Lost mutation: You passively map a small area around you.
                  | [potion of mutation]
  2134 | D        | Lost mutation: You expend magic power (3 MP) to strengthen
                  | your wands. [potion of mutation]
  2134 | D        | Lost mutation: You have a pair of horns on your head.
                  | [potion of mutation]
  2135 | D        | Lost mutation: You have a pair of small horns on your head.
                  | [potion of mutation]
  2135 | D        | Lost mutation: You have very sharp teeth. [potion of
                  | mutation]
  2135 | D        | Gained mutation: You are partially covered in iridescent
                  | scales. (AC +2) [potion of mutation]
  2135 | D        | Gained mutation: Your flesh is heat resistant. (rF+)
                  | [potion of mutation]
  2135 | D        | Gained mutation: You are agile. (Dex +4, Str/Int -1)
                  | [potion of mutation]
  2135 | D        | Gained mutation: You are covered in thick fur. (AC +2)
                  | [potion of mutation]
  2191 | D        | Noticed a daeva
  2204 | D        | Reached skill level 22 in Unarmed Combat
  2264 | D        | Identified the staff of conjuration "Otoned" {rF+ Str+2}
  2351 | D        | Killed a daeva
  2351 | D        | Received a gift from Trog
  2413 | D        | Noticed a fire giant
  2414 | D        | Noticed a fire giant
  2415 | D        | Noticed a fire giant
  2417 | D        | Noticed a fire giant
  2421 | D        | Killed a fire giant
  2430 | D        | Killed a fire giant
  2434 | D        | Killed a fire giant
  2437 | D        | Killed a fire giant
  2437 | D        | Received a gift from Trog
  2438 | D        | Reached skill level 23 in Unarmed Combat
  2535 | D        | Found the +4 dragonskin cloak
  2535 | D        | Noticed Tiamat
  2573 | D        | Killed Tiamat
  2574 | D        | Reached skill level 15 in Fighting
  2574 | D        | Reached skill level 15 in Dodging
  2775 | D        | Noticed a deep elf annihilator
  2778 | D        | Noticed a mummy priest
  2784 | D        | Noticed a jiangshi
  2791 | D        | Received a gift from Trog
  2792 | D        | Reached XP level 13. HP: 30/149 MP: 12/12
  2796 | D        | HP: 2/149 [phantasmal warrior[a mummy priest] (24)]
  2797 | D        | Demolished by a phantasmal warrior

Illustrated notes

Levels and vault maps discovered:
D:        dungeon_sprint_1 [red_sonja_temple_1, red_sonja_temple_small_1]

Skill      XL: |  1  2  3  4  5  6  7  8  9 10 11 12 |
---------------+-------------------------------------+-----
Fighting       | 3 4 5 7 8 9 10 11 13 15 | 15.1
Dodging        | 3 4 5 7 8 9 10 11 13 15 | 15.1
Unarmed Combat | 5 7 9 11 13 15 16 19 21 23 | 23.9

Action                     |  1- 3 |  4- 6 |  7- 9 | 10-12 | 13-15 || total
---------------------------+-------+-------+-------+-------+-------++-------
  Melee: Unarmed           |    16 |    14 |    40 |   193 |     1 ||   264
         Punch             |       |     2 |     3 |    25 |       ||    30
         Headbutt          |       |       |       |    20 |       ||    20
 Invoke: Berserk           |       |       |     1 |     5 |       ||     6
  Evoke: Wand              |     1 |       |       |     3 |       ||     4
    Use: Potion            |     1 |       |       |     7 |     5 ||    13
         Scroll            |       |       |       |    16 |       ||    16
 Armour: Animal skin       |     1 |     1 |     5 |     2 |       ||     9
         Robe              |       |       |       |    33 |       ||    33
         Swamp dragon scal |       |       |       |    28 |     8 ||    36
         Skin              |       |       |       |     1 |       ||     1
  Dodge: Dodged            |     6 |     1 |    17 |    70 |     8 ||   102
